 Dungeon Crawl Stone Soup version 0.22-a0-515-g75794bf (webtiles) character file.

264 Amnesiac the Digger (level 5, -3/25 HPs)
             Began as a Spriggan Earth Elementalist on June 19, 2018.
             Slain by an ice beast (13 damage)
             ... on level 2 of the Dungeon.
             The game lasted 00:07:31 (3471 turns).

Amnesiac the Digger (Spriggan Earth Elementalist)   Turns: 3471, Time: 00:07:32

Health: -3/25      AC:  2    Str:  4    XL:     5   Next: 98%
Magic:  10/10      EV: 19    Int: 17    God:
Gold:   159        SH:  0    Dex: 17    Spells: 6/9 levels left

rFire    . . .     SeeInvis +   a - +1 dagger (venom)
rCold    . . .     Gourm    .   (shield restricted)
rNeg     . . .     Faith    .   c - +0 robe
rPois    .         Spirit   .   (helmet restricted)
rElec    .         Reflect  .   (no cloak)
rCorr    .         Harm     .   (gloves unavailable)
MR       .....                  (boots unavailable)
Stlth    +++.......             (no amulet)
HPRegen  0.08/turn              h - ring of stealth
MPRegen  0.12/turn              (no ring)

@: very quick
A: very small, unfitting armour, see invisible, herbivore, speed 3, slow
metabolism 2
a: no special abilities


You were on level 2 of the Dungeon.
You were not hungry.

You visited 1 branch of the dungeon, and saw 3 of its levels.
You also visited: Sewer.

You collected 159 gold pieces.

Inventory:

Hand Weapons
 a - a +1 dagger of venom (weapon)
 b - a +2 dagger of speed
Missiles
 v - 72 stones (quivered)
Armour
 c - a +0 robe (worn)
 q - a +0 buckler
Jewellery
 h - a ring of stealth (left hand)
Wands
 j - a wand of flame (14)
Scrolls
 e - a scroll of blinking {!r}
 f - 3 scrolls of identify {!r}
 g - a scroll of fog {!r, unknown}
 k - 4 scrolls of remove curse {!r}
 n - a scroll of magic mapping {!r}
Potions
 i - 2 potions of haste {!q}
 l - a potion of heal wounds {!q, unknown}
 m - a potion of lignification {!q, unknown}
 p - a potion of degeneration {!q, unknown}
 r - a potion of might {!q}
 s - 3 potions of invisibility {!q, unknown}
 u - a potion of curing {!q}
Comestibles
 d - 5 rations


   Skills:
 - Level 1.5 Fighting
 - Level 3.6 Dodging
 - Level 3.0 Stealth
 * Level 3.1 Shields
 - Level 2.6 Spellcasting
 - Level 1.3 Transmutations
 + Level 3.9 Earth Magic


You had 6 spell levels left.
You knew the following spells:

 Your Spells              Type           Power        Failure   Level  Hunger
a - Sandblast             Erth           ###...       3%          1    #......
b - Passwall              Tmut/Erth      ##......     10%         2    ##.....

Your spell library contained the following spells:

 Spells                   Type           Power        Failure   Level  Hunger
 Stone Arrow              Conj/Erth      #.....       24%         3    ###....
 Lee's Rapid Deconstruct  Erth           ###.......   71%         5    ######.
 Petrify                  Tmut/Erth      ##......     52%         4    #####..


Dungeon Overview and Level Annotations

Branches:
Dungeon (3/15)

Altars:
Trog


Innate Abilities, Weirdness & Mutations

You are very small and have problems with some larger weapons.
You are too small for most types of armour.
You have supernaturally acute eyesight. (SInv)
You are a herbivore.
You cover ground extremely quickly.
You need to consume almost no food.


Message History

Press: ? - help, Shift-Dir - straight line, f/p - ice beast
Aim: an ice beast (severely wounded)
The puff of flame hits the ice beast.
The ice beast is severely wounded.
Evoke which item? (* to show all) (? for menu, Esc to quit)
Aiming: Throw Flame
Press: ? - help, Shift-Dir - straight line, f/p - ice beast
Aim: an ice beast (severely wounded)
The puff of flame hits the ice beast.
The ice beast is severely wounded.
Evoke which item? (* to show all) (? for menu, Esc to quit)
Aiming: Throw Flame
Press: ? - help, Shift-Dir - straight line, f/p - ice beast
Aim: an ice beast (severely wounded)
The puff of flame misses the ice beast.
Evoke which item? (* to show all) (? for menu, Esc to quit)
Aiming: Throw Flame
Press: ? - help, Shift-Dir - straight line, f/p - ice beast
Aim: an ice beast (severely wounded)
The puff of flame hits the ice beast.
The ice beast appears unharmed.
The ice beast is severely wounded.
Evoke which item? (* to show all) (? for menu, Esc to quit)
Aiming: Throw Flame
Press: ? - help, Shift-Dir - straight line, f/p - ice beast
Aim: an ice beast (severely wounded)
The puff of flame hits the ice beast.
The ice beast appears unharmed.
The ice beast is severely wounded.
That item cannot be evoked!
Unknown command.
Unknown command.
Evoke which item? (* to show all) (? for menu, Esc to quit)
You don't have any such object.
Evoke which item? (* to show all) (? for menu, Esc to quit)
That's the wrong kind of item! (Use * to select it.) Evoke which item? (* to show all) (? for menu, Esc to quit)
Okay, then.
Evoke which item? (* to show all) (? for menu, Esc to quit)
Aiming: Throw Flame
Press: ? - help, Shift-Dir - straight line, f/p - ice beast
Aim: an ice beast (severely wounded)
The puff of flame misses the ice beast.
Evoke which item? (* to show all) (? for menu, Esc to quit)
Aiming: Throw Flame
Press: ? - help, Shift-Dir - straight line, f/p - ice beast
Aim: an ice beast (severely wounded)
The puff of flame hits the ice beast.
The ice beast appears unharmed.
The ice beast is severely wounded.
Evoke which item? (* to show all) (? for menu, Esc to quit)
Aiming: Throw Flame
Press: ? - help, Shift-Dir - straight line, f/p - ice beast
Aim: an ice beast (severely wounded)
The puff of flame hits the ice beast.
The ice beast appears unharmed.
The ice beast is severely wounded.
Evoke which item? (* to show all) (? for menu, Esc to quit)
Aiming: Throw Flame
Press: ? - help, Shift-Dir - straight line, f/p - ice beast
Aim: an ice beast (severely wounded)
The puff of flame hits the ice beast.
The ice beast melts!
The ice beast is almost dead.
The ice beast hits you.
* * * LOW HITPOINT WARNING * * *
The ice beast freezes you!
Ouch! That really hurt!
You die...

##.#####..........
#.....##.........#
#..##.##..........
#..##.###.........
#..##.# #......g..
#.....# #.........
#.###.# ####.##...
#Y# #.# #.##...
#@# #.# #÷##...
#.# #.######.##...
#.# #.........(...
#.# #.######.###..
#.# #.######.###..
#.# #......÷......
#.# ########.####.
###########.# #.#
#. #...........#
#.# ##


You could see an ice beast.

Vanquished Creatures
  A crocodile (Sewer)
  Jessica (D:3)
  Ijyb (D:3)
  Robin (D:2)
  4 adders
  3 oozes
  A worm (D:3)
  A dart slug (D:2)
  2 leopard geckos
  An orc (D:3)
  5 bats
  3 giant cockroaches
  15 goblins
  10 hobgoblins
  6 jackals
  6 kobolds
  A quokka (D:2)
  2 ball pythons
  3 frilled lizards
  8 rats
75 creatures vanquished.

Notes
Turn   | Place    | Note
-------+----------+-------------------------------------------
     0 | D:1      | Amnesiac the Spriggan Earth Elementalist began the quest for the Orb.
     0 | D:1      | Reached XP level 1. HP: 9/9 MP: 5/5
   120 | D:1      | Reached XP level 2. HP: 2/14 MP: 4/6
   275 | D:1      | Reached skill level 1 in Fighting
  1260 | D:1      | Reached XP level 3. HP: 7/18 MP: 6/8
  1550 | D:2      | Found a bloodstained altar of Trog.
  1650 | D:2      | Reached skill level 1 in Shields
  2220 | D:3      | Noticed an ice beast
  2265 | D:3      | Noticed Robin
  2302 | D:3      | Noticed Jessica
  2307 | D:3      | Killed Jessica
  2307 | D:3      | Reached XP level 4. HP: 15/22 MP: 3/9
  2380 | D:3      | Noticed Ijyb
  2396 | D:3      | Killed Ijyb
  2435 | D:3      | Learned a level 2 spell: Passwall
  2452 | D:3      | Reached XP level 5. HP: 12/25 MP: 6/10
  2594 | D:3      | Found a glowing drain.
  2747 | Sewer    | Entered a sewer
  2824 | Sewer    | Noticed a crocodile
  2885 | Sewer    | Killed a crocodile
  3411 | D:2      | Killed Robin
  3471 | D:2      | Slain by an ice beast

Vault maps used:
D:1:      nzn_arrival_settlement, minmay_misc_feat_hallway, roderic_lattice_a,
          minivault_25, minmay_hedge_maze, minmay_misc_feat_chi
D:2:      first_ration, bloody_trog
D:3:      portal_sewer_entry_d, kennysheep_potato, uniq_ijyb, uniq_robin,
          uniq_jessica
Sewer:    sewer_the_crocodile

Skill      XL: |  1  2  3  4  5 |
---------------+----------------+-----
Fighting       | 1 |  1.5
Earth Magic    | 3 |  3.9
Shields        | 1 2 3 |  3.1
Dodging        | |  3.6
Stealth        | |  3.0
Spellcasting   | |  2.6
Transmutations | |  1.3

Action                   |  1- 3 |  4- 6 || total
-------------------------+-------+-------++-------
Melee: Spear             |   168 |       ||   168
       Dagger            |     6 |   104 ||   110
 Cast: Sandblast         |    22 |    24 ||    46
Evoke: Wand              |       |    17 ||    17
  Use: Potion            |       |     4 ||     4
       Scroll            |       |     5 ||     5
 Stab: Sleeping          |    16 |     3 ||    19
       Distracted        |     1 |     3 ||     4
  Eat: Ration            |       |     1 ||     1
Armor: Robe              |    10 |    10 ||    20
Dodge: Dodged            |   130 |    87 ||   217

Table legend:
 A = Spawn XP
 B = Non-spawn XP
 C = Spawn XP percentage of total XP
 D = Spawn monster count
 E = Non-spawn monster count
 F = Spawn count percentage of total count
 G = Total turns spent on level
                    A         B        C        D         E        F      G
               +---------+---------+-------+---------+---------+-------+---------
         Total |       0 |     378 |   0.0 |       0 |      75 |   0.0 |  3471
               +---------+---------+-------+---------+---------+-------+---------
           D:1 |       0 |      45 |   0.0 |       0 |      22 |   0.0 |  1478
           D:2 |       0 |      65 |   0.0 |       0 |      17 |   0.0 |   875
           D:3 |       0 |     156 |   0.0 |       0 |      30 |   0.0 |   811
         Sewer |       0 |     112 |   0.0 |       0 |       6 |   0.0 |   307
               +---------+---------+-------+---------+---------+-------+---------
